 Dungeon Crawl Stone Soup version 0.21.0-3-g78d12a8 (webtiles) character file.

2104 komo4ek the Chiller (level 9, -7/39 HPs)
             Began as a Vine Stalker Ice Elementalist on Jan 10, 2018.
             Was a Follower of Vehumet.
             Shot with a sling bullet by Joseph (12 damage)
             ... on level 7 of the Dungeon.
             The game lasted 00:22:10 (5588 turns).

komo4ek the Chiller (Vine Stalker Ice Elementalist) Turns: 5588, Time: 00:22:11

Health: -7/39      AC:  8    Str: 10    XL:     9   Next: 28%
Magic:  0/20       EV: 16    Int: 18    God:    Vehumet [*.....]
Gold:   193        SH:  0    Dex: 16    Spells: 15/22 levels left

rFire    . . .     SeeInvis +   I - +0 shortbow
rCold    . . .     Gourm    .   (shield currently unavailable)
rNeg     . . .     Faith    .   a - +0 robe
rPois    .         Spirit   +   e - +0 helmet
rElec    .         Reflect  .   v - +2 cloak
rCorr    +         Harm     .   s - +1 pair of gloves
MR       +....                  (no boots)
Stlth    ++........             (no amulet)
HPRegen  0.53/turn              x - ring of see invisible
MPRegen  0.17/turn              y - ring of resist corrosion

@: no status effects
A: fangs 3, regeneration 1, magic shield, antimagic bite, no potion heal 3, rot
immunity
a: Renounce Religion


You were on level 7 of the Dungeon.
You worshipped Vehumet.
Vehumet was aware of your devotion.
You were not hungry.

You visited 2 branches of the dungeon, and saw 8 of its levels.
You also visited: Sewer.

You collected 193 gold pieces.

Inventory:

Hand Weapons
 m - a +1 whip of flaming
 I - a +0 shortbow (weapon)
Missiles
 d - 34 poisoned needles
 i - 51 arrows (quivered)
 u - 5 javelins
Armour
 a - a +0 robe (worn)
 e - a +0 helmet (worn)
 s - a +1 pair of gloves (worn)
 v - a +2 cloak (worn)
 C - the +3 scale mail of Winter {Dex+5}
   (You took it off an orc on level 5 of the Dungeon)

   It affects your dexterity (+5).
Jewellery
 x - a ring of see invisible (left hand)
 y - a ring of resist corrosion (right hand)
Wands
 o - a wand of digging (10)
Scrolls
 r - 5 scrolls of random uselessness
 t - 8 scrolls of identify
 E - 3 scrolls of teleportation
 F - a scroll of enchant weapon
 G - a scroll of immolation {unknown}
Potions
 f - 6 potions of heal wounds {unknown}
 k - 5 potions of curing {unknown}
 l - a potion of agility {unknown}
 n - a potion of might {unknown}
 p - 2 potions of lignification {unknown}
 q - 2 potions of flight {unknown}
 z - a potion of ambrosia {unknown}
 B - a potion of resistance {unknown}
 D - a potion of cancellation {unknown}
 H - a potion of magic {unknown}
Books
 b - a book of Frost

   Spells                             Type                      Level
   a - Freeze                         Ice                          1
   b - Throw Frost                    Conjuration/Ice              2
   c - Ozocubu's Armour               Charms/Ice                   3
   d - Throw Icicle                   Conjuration/Ice              4
   e - Summon Ice Beast               Ice/Summoning                4
 A - a book of Callings

   Spells                             Type                      Level
   a - Summon Small Mammal            Summoning                    1
   b - Call Imp                       Summoning                    2
   c - Call Canine Familiar           Summoning                    3
   d - Summon Guardian Golem          Hexes/Summoning              3
   e - Summon Lightning Spire         Summoning/Air                4
   f - Summon Ice Beast               Ice/Summoning                4
Comestibles
 c - 5 rations


   Skills:
 + Level 6.0 Dodging
 - Level 2.4 Stealth
 + Level 7.2 Spellcasting
 - Level 1.0 Conjurations
 + Level 7.5 Ice Magic


You had 15 spell levels left.
You knew the following spells:

 Your Spells              Type           Power        Failure   Level  Hunger
a - Freeze                Ice            ####         1%          1    None
b - Throw Frost           Conj/Ice       ###...       2%          2    None
c - Summon Ice Beast      Ice/Summ       ###.....     22%         4    ###....


Dungeon Overview and Level Annotations

Branches:
Dungeon (7/15)             Temple (1/1) D:5

Altars:
Fedhas
Gozag
Kikubaaqudgha
Trog
Vehumet
Wu Jian
The Shining One

Annotations:
D:7 Joseph


Innate Abilities, Weirdness & Mutations

You have razor-sharp teeth.
Your natural rate of healing is unusually fast.
When hurt, damage is shared between your health and your magic reserves.
Your bite disrupts and absorbs the magic of your enemies.
Potions cannot restore your health.
You are immune to rotting.


Message History

Confirm with . or Enter, or press ? or * to list all spells.
Aiming: Throw Frost
Press: ? - help, Shift-Dir - straight line, f/p - Joseph
Aim: Joseph, wielding a hunting sling and wearing a runed ring mail (lightly wounded)
The puff of frost hits Joseph.
Joseph appears unharmed.
Joseph is lightly wounded.
Joseph shoots a sling bullet.
The sling bullet closely misses you.
Joseph shoots a sling bullet.
The sling bullet hits you.
You see here a sling bullet.
Casting: Throw Frost
Confirm with . or Enter, or press ? or * to list all spells.
Aiming: Throw Frost
Press: ? - help, Shift-Dir - straight line, f/p - Joseph
Aim: Joseph, wielding a hunting sling and wearing a runed ring mail (lightly wounded)
The puff of frost hits Joseph.
Joseph is moderately wounded.
Joseph shoots a sling bullet.
The sling bullet hits you!!
* * * LOW HITPOINT WARNING * * *
Joseph shoots a sling bullet.
The sling bullet hits you!
You die...

##.(...##
##...(...##
#....@....#
+.........+
#....(....#
#.......# #..(..#
### ##.(.## #.#
##@## #.# #(# #.#
#####.##### #.#
#.........# #.#
##.##...##.# #.#
#........#
##.####...........
#<..>........###.#
##.####.....## .#


You could see Joseph.

Vanquished Creatures
  The ghost of komo4ek the Vexing, a novice VSEn (D:6)
  Grinder (D:6)
  Sigmund (D:2)
  A sky beast (D:6)
  A phantom (D:4)
  2 centaurs (D:5)
  2 ogres (D:6)
  A big kobold (Sewer)
  Blork the orc (D:5)
  2 bullfrogs (D:6)
  A scorpion (D:5)
  A howler monkey (D:5)
  3 crimson imps
  A bullfrog skeleton (D:4)
  A jelly (D:6)
  2 iguanas (D:4)
  A centaur skeleton (D:5)
  5 worker ants
  A hound skeleton (D:5)
  3 gnolls (D:4)
  A worker ant zombie (D:5)
  7 adders
  2 river rats
  A shadow imp (D:5)
  3 oozes
  3 worms (D:3)
  A dart slug (D:2)
  2 leopard geckos
  9 orcs
  2 ball pythons
  13 giant cockroaches
  8 goblins
  6 hobgoblins
  3 jackals
  2 quokkas
  3 bats
  3 frilled lizards
  13 kobolds
  A leopard gecko skeleton (D:6)
  13 rats
128 creatures vanquished.

Vanquished Creatures (others)
  A withered plant (D:6)
1 creature vanquished.

Grand Total: 129 creatures vanquished

Notes
Turn   | Place    | Note
-------+----------+-------------------------------------------
     0 | D:1      | komo4ek the Vine Stalker Ice Elementalist began the quest for the Orb.
     0 | D:1      | Reached XP level 1. HP: 9/9 MP: 4/4
   148 | D:1      | Reached XP level 2. HP: 12/13 MP: 1/6
   341 | D:1      | Reached XP level 3. HP: 3/16 MP: 6/8
   965 | D:2      | Gained mutation: Your natural rate of healing is unusually fast. [Vine Stalker growth]
   965 | D:2      | Reached XP level 4. HP: 17/21 MP: 9/9
  1167 | D:2      | Noticed Sigmund
  1257 | D:3      | Found a glowing drain.
  1261 | Sewer    | Entered a sewer
  1346 | Sewer    | Noticed a big kobold
  1388 | Sewer    | Killed a big kobold
  1388 | Sewer    | Reached XP level 5. HP: 20/24 MP: 4/11
  1413 | Sewer    | Found a white marble altar of Elyvilon.
  1865 | D:3      | Reached XP level 6. HP: 24/28 MP: 12/12
  1975 | D:3      | Found a radiant altar of Vehumet.
  1975 | D:3      | Found an ornate altar of the Wu Jian Council.
  1978 | D:3      | Became a worshipper of Vehumet
  2225 | D:2      | Killed Sigmund
  2360 | D:4      | Reached skill level 5 in Ice Magic
  2360 | D:4      | Reached XP level 7. HP: 30/32 MP: 14/14
  3099 | D:4      | Reached skill level 5 in Spellcasting
  3250 | D:5      | Entered Level 5 of the Dungeon
  3593 | D:5      | Reached * piety under Vehumet
  3593 | D:5      | Offered knowledge of Sandblast by Vehumet.
  3806 | D:5      | Gained mutation: You have razor-sharp teeth. [Vine Stalker growth]
  3806 | D:5      | Reached XP level 8. HP: 36/36 MP: 17/17
  4084 | D:5      | Got a polished scale mail
  4148 | D:5      | Found a staircase to the Ecumenical Temple.
  4170 | Temple   | Entered the Ecumenical Temple
  4372 | D:6      | Noticed Blork the orc
  4475 | D:6      | Found an ancient bone altar of Kikubaaqudgha.
  4632 | D:6      | Reached skill level 5 in Dodging
  4736 | D:6      | Noticed komo4ek's ghost (novice VSEn)
  4779 | D:6      | Killed komo4ek's ghost
  4779 | D:6      | Reached XP level 9. HP: 29/39 MP: 18/20
  5073 | D:6      | Found an opulent altar of Gozag.
  5073 | D:6      | Found a blossoming altar of Fedhas.
  5078 | D:6      | Found a bloodstained altar of Trog.
  5081 | D:6      | Found a faded altar of an unknown god.
  5083 | D:6      | Found a glowing golden altar of the Shining One.
  5186 | D:5      | Killed Blork the orc
  5263 | D:5      | Identified the +3 scale mail of Winter {Dex+5} (You took it off an orc on level 5 of the Dungeon)
  5381 | D:6      | Noticed Grinder
  5408 | D:6      | Paralysed by Grinder for 3 turns
  5422 | D:6      | Killed Grinder
  5521 | D:6      | Learned a level 2 spell: Throw Frost
  5526 | D:6      | Learned a level 4 spell: Summon Ice Beast
  5576 | D:7      | Noticed Joseph
  5588 | D:7      | Shot with a sling bullet by Joseph

Skill      XL: |  1  2  3  4  5  6  7  8  9 |
---------------+----------------------------+-----
Dodging        | 2 3 4 5 6 |  6.0
Spellcasting   | 3 4 5 6 7 |  7.2
Ice Magic      | 4 5 7 |  7.5
Stealth        | |  2.4
Conjurations   | |  1.0

Action                   |  1- 3 |  4- 6 |  7- 9 || total
-------------------------+-------+-------+-------++-------
Melee: Bite              |    17 |    52 |    81 ||   150
       Unarmed           |     1 |       |       ||     1
       Club              |    30 |       |       ||    30
       Dagger            |    15 |       |       ||    15
       Whip              |    35 |   239 |   268 ||   542
 Fire: Shortbow          |       |       |   233 ||   233
Throw: Javelin           |       |    10 |       ||    10
 Cast: Freeze            |     9 |       |       ||     9
       Throw Frost       |       |       |     4 ||     4
  Use: Scroll            |       |     4 |     4 ||     8
  Eat: Ration            |       |     2 |     3 ||     5
Armor: Robe              |     3 |       |       ||     3
       Chain mail        |    60 |   189 |   397 ||   646
       Scale mail        |       |       |     5 ||     5
Dodge: Dodged            |    23 |    66 |   149 ||   238
